Description

Heromarine guide for the 5.0.16 patch. Check video for more details.

VOD

https://www.youtube.com/watch?v=sqfEmGLdfPg

Replay - TvZ 2 Reaper FE

Build Order

Get SALT Encoding   

  8  0:00  SCV  
  9  0:13  SCV  
  10  0:25  SCV  
  11  0:31  Supply Depot  
  11  0:37  SCV  
  12  0:49  SCV  
  13  0:54  Barracks  
  13  1:01  Refinery  
  13  1:06  SCV  
  14  1:18  SCV  
  15  1:30  SCV  
  16  1:42  Orbital Command  
  16  1:44  Reaper  
  17  2:07  SCV  
  18  2:13  Command Center  
  18  2:16  Reaper  
  18  2:19  SCV  
  20  2:27  Supply Depot  
  22  2:52  Factory  
  22  3:00  Barracks Reactor  
  22  3:12  Command Center  
  25  3:48  Orbital Command  
  26  3:55  Barracks Tech Lab  
  26  3:57  Barracks, Hellion x2  
  31  4:14  Stimpack, Marine  
  34  4:18  Hellion x2  
  38  4:26  Orbital Command  
  40  4:32  Marine  
  40  4:38  Supply Depot  
  42  4:45  Starport  
  43  4:48  Factory Reactor  
  43  4:50  Refinery  
  46  4:53  Marine x3  
  49  5:02  Supply Depot  
  52  5:10  Marine x2  
  55  5:19  Marine, Refinery x2  
  58  5:24  Orbital Command  
  60  5:28  Marine x2  
  60  5:29  Supply Depot  
  62  5:40  Medivac x2  
  64  5:51  Engineering Bay  
  68  5:57  Engineering Bay, Factory Tech Lab  
  68  6:01  Combat Shield  
  68  6:03  Barracks  
  74  6:28  Siege Tank  
  74  6:35  Terran Infantry Armor Level 1, Terran Infantry Weapons Level 1  
  75  6:42  Starport Reactor  
  75  6:43  Barracks x2  
  79  7:00  Siege Tank  
  93  7:19  Refinery  
  93  7:20  Factory  
  95  7:25  Medivac x2  
  95  7:29  Armory  
  105  7:34  Barracks Reactor x2  
  105  7:36  Widow Mine  
  116  8:13  Factory Reactor, Factory Tech Lab  
  116  8:14  Siege Tank  
  116  8:19  Medivac x2  
  132  8:34  Siege Tank  
  132  8:39  Terran Infantry Weapons Level 2  
  135  8:42  Terran Infantry Armor Level 2  
  135  8:43  Command Center  
  135  8:45  Marauder  
  141  8:51  Terran Vehicle Weapons Level 1  
  143  9:08  Siege Tank  
  150  9:20  Barracks x3  
  157  9:26  Refinery  
  159  9:39  Drilling Claws  
  159  9:40  Medivac x2, Widow Mine x2  
  174  9:55  Sensor Tower  
  181  10:02  Siege Tank x2  
  181  10:11  Barracks Tech Lab x3  
  181  10:13  Medivac x2  
  188  10:17  Missile Turret  
  188  10:18  Planetary Fortress  
  188  10:22  Ghost Academy  
  191  10:34  Widow Mine x2  
  191  10:35  Factory  
  195  10:40  Refinery x2, Factory  
  195  10:41  Sensor Tower  
  195  10:43  Missile Turret  
  195  10:47  Command Center  
  199  11:02  Terran Infantry Weapons Level 3, Terran Infantry Armor Level 3  
  199  11:12  Command Center x3  
  199  11:19  Missile Turret x4  
  199  11:25  Missile Turret  
  199  11:27  Terran Vehicle Weapons Level 2  
  187  11:44  Marauder x3  
  185  11:50  Widow Mine x2  
  185  11:51  Ghost  
  188  12:07  Marauder x2  
  182  12:14  Ghost  
  186  12:16  Fusion Core  
  186  12:19  Ghost  
  190  12:27  Ghost x2  
  190  12:29  Sensor Tower  
  196  12:30  Missile Turret  
  188  12:37  Widow Mine x2  
  188  12:39  Factory Tech Lab  
  188  12:43  Ghost  
  195  12:48  Liberator  
  198  13:03  Missile Turret x2  
  198  13:04  Planetary Fortress  
  198  13:05  Sensor Tower  
  198  13:07  Refinery x2  
  198  13:10  Caduceus Reactor  
  187  13:13  Siege Tank x3  
  187  13:14  Ghost  
  199  13:22  Starport  
  188  13:31  Ghost x2  
  194  13:39  Ghost  
  188  13:44  Terran Vehicle And Ship Armor Level 1  
  188  13:46  Widow Mine  
  182  14:07  Advanced Ballistics  
  189  14:13  Command Center  
  195  14:24  Command Center  
  195  14:26  Starport Reactor  
  195  14:36  Liberator  
Spawning Tool Build Advisor. Get it on Overwolf

Go to:

Details

  • Created by: amentini
  • Published on: Jun 28, 2026
  • Modified on: Jun 28, 2026
  • Patch: 5.0.16
  • Difficulty: Medium
Show
View Real Time Build Order
Export as new Build Order

Comments (1)

On July 14, 2026, 8:25 a.m., 2MoreRep  said:

Thanks for this, zerg gets me everytime haha

Create an account to comment!